 Dungeon Crawl Stone Soup version 0.25-a0-201-g0bb11aece9 (webtiles) character file.

Game seed: 16756653106792031305, levelgen mode: deterministic

154 MisterFreud the Skirmisher (level 5, 0/55 HPs)
             Began as an Octopode Artificer on Dec 2, 2019.
             Succumbed to a hobgoblin's poison
             ... on level 3 of the Dungeon.
             The game lasted 00:03:58 (2480 turns).

MisterFreud the Skirmisher (Octopode Artificer)     Turns: 2480, Time: 00:03:59

Health: 0/55       AC: 22    Str: 11    XL:     5   Next: 35%
Magic:  7/7        EV:  2    Int: 15    God:
Gold:   193        SH:  0    Dex: 16    Spells: 4/4 levels left

rFire    . . .     SeeInvis .   a - +1 short sword
rCold    . . .     Gourm    .   (no shield)
rNeg     + + +     Faith    .   (helmet currently unavailable)
rPois    +         Spirit   .   (no amulet)
rElec    .         Reflect  .   h - +4 ring of dexterity
rCorr    .         Harm     .   (no ring)
MR       .....     NoTele   +   (no ring)
Stlth    ++........             (no ring)
HPRegen  0.18/turn              (no ring)
MPRegen  0.10/turn              (no ring)
                                (no ring)
                                (no ring)

@: lethally poisoned (0 -> -5), tree-form
A: almost no armour, stealthy swim, (amphibious), 8 rings, (constrict 8)
a: no special abilities


You were on level 3 of the Dungeon.
You were not hungry.
You were a tree.
You visited 1 branch of the dungeon, and saw 3 of its levels.

You collected 193 gold pieces.

Inventory:

Hand Weapons
 a - a +1 short sword (weapon)
Missiles
 e - 13 sling bullets
 j - 24 arrows
 l - 97 stones (quivered)
 r - 15 bolts
 u - 14 poisoned darts
Jewellery
 h - a +4 ring of dexterity (left branch)
 q - an uncursed ring of ice
Wands
 b - a wand of flame (15)
 c - a wand of enslavement (15)
 d - a wand of random effects (14)
Scrolls
 i - 4 scrolls of teleportation
 k - a scroll of enchant armour
 m - 4 scrolls of identify
 n - 3 scrolls of enchant weapon
 p - 2 scrolls of fog
 s - 3 scrolls of remove curse
Potions
 g - 2 potions of lignification
 v - a potion of resistance
Comestibles
 f - 4 rations
 o - a chunk of flesh


   Skills:
 - Level 4.1 Fighting
 - Level 1.0 Short Blades
 + Level 3.4 Dodging
 - Level 1.3 Stealth
 - Level 3.2 Evocations


You had 4 spell levels left.
You didn't know any spells.
Your spell library was empty.

Dungeon Overview and Level Annotations

Branches:
Dungeon (3/15)

Altars:
Makhleb
The Shining One


Innate Abilities, Weirdness & Mutations

You cannot wear most types of armour.
You are very stealthy in the water. (Stealth+)
((You are amphibious.))
You can wear up to eight rings at the same time.
((You can use your tentacles to constrict eight enemies at once.))
((Your skin changes colour to match your surroundings (Stealth+).))
((Your rubbery body absorbs attacks. (AC +1, EV +1)))


Message History

The hobgoblin throws a poisoned dart.
The poisoned dart hits you.
You are more poisoned.
The orc wizard hits you but does no damage.
Okay, then.
You hit the orc wizard but do no damage.
* * * LOW HITPOINT WARNING * * *
You feel sick.
The orc wizard hits you but does no damage.
The orc wizard casts a spell.
The orc wizard blinks!
The hobgoblin throws a poisoned dart.
The poisoned dart barely misses you.
Unknown command.
Evoke which item? (* to show all) (? for menu, Esc to quit)
Aiming: Random Effects
Press: ? - help, Shift-Dir - straight line, f - hobgoblin
Aim: a hobgoblin The bolt of negative energy hits the hobgoblin!
The hobgoblin is drained!
You kill the hobgoblin!
You die...

#....#.##.#.## .8..
#.###..##....### .8.8 ..
##.######...# ..8. ... #..#
##..###... .. #.## #.o....#
########.# #.##...#
.......#.# ##..#.#.#.##
.<.....#.#######......?....
.......#.#..(÷).♣##.).####.
...........#####§.....#
........#### #...##...
.......## ....# ##...
...<..... ....# .#..
.......#... .###.. # .
.......###.. [$ #.##
.......# # .. .. ###)...#


You could see an orc wizard.

Vanquished Creatures
  A crimson imp (D:2)
  5 adders
  3 dart slugs (D:2)
  A leopard gecko (D:2)
  3 orcs (D:3)
  6 bats
  5 giant cockroaches
  8 goblins
  10 hobgoblins
  2 jackals (D:2)
  A ball python (D:2)
  7 frilled lizards
  6 kobolds
  6 rats
64 creatures vanquished.

Vanquished Creatures (others)
  4 toadstools (D:1)
4 creatures vanquished.

Grand Total: 68 creatures vanquished

Notes
Turn   | Place    | Note
-------+----------+-------------------------------------------
     0 | D:1      | MisterFreud the Octopode Artificer began the quest for the
                  | Orb.
     0 | D:1      | Reached XP level 1. HP: 13/13 MP: 3/3
   162 | D:1      | Reached skill level 2 in Fighting
   162 | D:1      | Reached XP level 2. HP: 4/19 MP: 4/4
   915 | D:1      | Reached XP level 3. HP: 21/25 MP: 5/5
  1095 | D:2      | Reached skill level 3 in Fighting
  1232 | D:2      | Found a glowing golden altar of the Shining One.
  1529 | D:2      | Reached XP level 4. HP: 21/33 MP: 6/6
  1803 | D:2      | Reached skill level 4 in Fighting
  2236 | D:2      | Found a burning altar of Makhleb.
  2245 | D:2      | Reached XP level 5. HP: 28/37 MP: 7/7
  2477 | D:3      | HP: 1/37 [orc wizard/magic dart (8)]
  2480 | D:3      | Succumbed to a hobgoblin's poison

Levels and vault maps discovered:
D:1:      dpeg_arrival_rooms_b, layout_basic, minmay_gold_behind_fungi
D:2:      layout_loops_ring, makhleb_grotto_becter,
          nicolae_tso_swordbearing_angel, first_ration
D:3:      layout_rooms, small_statue_alley_b, grunt_qazlal_clouds,
          uniq_crazy_yiuf_cottage, uniq_jessica

Skill      XL: |  1  2  3  4 |
---------------+-------------+-----
Fighting       | 2 3 4 |  4.1
Dodging        | 3 |  3.4
Short Blades   | |  1.0
Stealth        | |  1.3
Evocations     | |  3.2

Action                   |  1- 3 |  4- 6 || total
-------------------------+-------+-------++-------
Melee: Short sword       |    75 |    41 ||   116
       Constrict         |    28 |    11 ||    39
       Tentacles         |    16 |     7 ||    23
Evoke: Wand              |       |     1 ||     1
  Use: Scroll            |       |     8 ||     8
       Potion            |       |     1 ||     1
 Stab: Sleeping          |     5 |     7 ||    12
       Distracted        |     1 |       ||     1
  Eat: Chunk             |     2 |     3 ||     5
Armor: Skin              |    11 |     4 ||    15
Dodge: Dodged            |    60 |    26 ||    86

Table legend:
 A = Non-vault XP
 B = Vault XP
 C = Vault XP percentage of total XP
 D = Non-vault monster count
 E = Vault monster count
 F = Vault count percentage of total count
                 A         B        C        D         E       F
            +---------+---------+-------+---------+---------+-------
      Total |     172 |      48 |  21.8 |      63 |       1 |   1.6
            +---------+---------+-------+---------+---------+-------
        D:1 |      36 |       0 |   0.0 |      23 |       0 |   0.0
        D:2 |     102 |      48 |  32.0 |      28 |       1 |   3.4
        D:3 |      34 |       0 |   0.0 |      12 |       0 |   0.0
            +---------+---------+-------+---------+---------+-------
